[ AOE2 MATCH · #480244435 ]
Team RMBurgundians vs Portuguese
[ REPLAY ANALYSIS · EXTRACTED FROM THE RECORDED GAME ]
Feudal
11:31
Castle
15:01
Imperial
38:00
| APM avg | 29.8 |
| APM peak | 55 |
| eAPM avg | 18.6 |
| Villagers / military | 198 / 139 |
Focus
⚔️ 35.9% · 🌾 64.1%
Coustillier ×117 · Flemish Militia ×12 · Monk ×6 · Militia ×4
Feudal
10:12
Castle
17:34
Imperial
34:51
| APM avg | 27.5 |
| APM peak | 57 |
| eAPM avg | 17.0 |
| Villagers / military | 144 / 203 |
Focus
⚔️ 38.8% · 🌾 61.2%
Knight ×101 · Spearman ×95 · Monk ×3 · Trebuchet (Packed) ×3 · Scout Cavalry ×1
Feudal
10:19
Castle
13:51
Imperial
—
| APM avg | 15.8 |
| APM peak | 48 |
| eAPM avg | 8.2 |
| Villagers / military | 35 / 92 |
Focus
⚔️ 45.8% · 🌾 54.2%
Samurai ×72 · Battering Ram ×12 · Monk ×8
Feudal
10:42
Castle
14:59
Imperial
—
| APM avg | 17.2 |
| APM peak | 42 |
| eAPM avg | 9.6 |
| Villagers / military | 75 / 13 |
Focus
⚔️ 18.6% · 🌾 81.4%
Mangonel ×5 · Petard ×4 · Spearman ×2 · Hussite Wagon ×2
Feudal
11:55
Castle
19:00
Imperial
39:23
| APM avg | 14.2 |
| APM peak | 33 |
| eAPM avg | 11.6 |
| Villagers / military | 114 / 122 |
Focus
⚔️ 31.4% · 🌾 68.6%
Scorpion ×72 · Shotel Warrior ×36 · Battering Ram ×8 · Spearman ×5 · Mangonel ×1
Feudal
10:36
Castle
16:05
Imperial
32:47
| APM avg | 31.0 |
| APM peak | 50 |
| eAPM avg | 21.1 |
| Villagers / military | 149 / 182 |
Focus
⚔️ 17.4% · 🌾 82.6%
Knight ×180 · Monk ×2
Feudal
13:43
Castle
18:56
Imperial
33:58
| APM avg | 21.8 |
| APM peak | 67 |
| eAPM avg | 11.9 |
| Villagers / military | 115 / 402 |
Focus
⚔️ 42.0% · 🌾 58.0%
Spearman ×226 · Skirmisher ×156 · Organ Gun ×20
Feudal
10:24
Castle
14:19
Imperial
30:57
| APM avg | 23.4 |
| APM peak | 63 |
| eAPM avg | 16.3 |
| Villagers / military | 144 / 134 |
Focus
⚔️ 31.5% · 🌾 68.5%
Hand Cannoneer ×80 · Genoese Crossbowman ×20 · Bombard Cannon ×19 · Trebuchet (Packed) ×12 · Mangonel ×3
Match map
Initial resources + every placement click. Lines = walls · curves = elevation contours. ◆ gold · ⬟ stone · ● berries · ✦ relic · ◌ wall gap
Your base· ✓ Closed at 15:01 · 0t walls · 3 gate(s)
Caballo Loco's base· ✓ Closed at 17:34 · 0t walls · 3 gate(s)
Cabo's base· ✓ Closed at 13:51 · 0t walls · 3 gate(s)
heibanbaomc2003's base· ✓ Closed at 14:59 · 11t walls · 2 gate(s)
Ballin' Like Bill, End @McDank's's base· ✓ Closed at 19:00 · 1t walls · 3 gate(s)
younger's base· ✓ Closed at 16:05 · 0t walls · 2 gate(s)
хайп's base· ✓ Closed at 18:56 · 0t walls · 2 gate(s)
Kei Nagase's base· ✓ Closed at 14:19 · 0t walls · 3 gate(s)
Smoothed initial terrain · ◌ = detected wall gap · hover for details
Inputs per minute
— 2384823078 - - Caballo Loco
Build order — 2384823078
First 150 of 476 actions detected
| 0:01 | Create | Villager (Male) |
| 0:01 | Create | Villager (Male) |
| 0:02 | Build | House |
| 0:05 | Build | House |
| 0:42 | Create | Villager (Male) |
| 0:52 | Create | Villager (Male) |
| 1:27 | Create | Villager (Male) |
| 1:48 | Create | Villager (Male) |
| 2:23 | Create | Villager (Male) |
| 2:43 | Create | Villager (Male) |
| 3:19 | Create | Villager (Male) |
| 3:23 | Build | House |
| 3:37 | Create | Villager (Male) |
| 3:48 | Create | Villager (Male) |
| 3:59 | Build | Lumber Camp |
| 4:25 | Create | Villager (Male) |
| 5:01 | Create | Villager (Male) |
| 5:12 | Build | House |
| 5:24 | Create | Villager (Male) |
| 5:53 | Create | Villager (Male) |
| 6:04 | Research | Double-Bit Axe |
| 6:11 | Create | Villager (Male) |
| 6:28 | Create | Villager (Male) |
| 6:47 | Build | Mill |
| 6:49 | Create | Villager (Male) |
| 7:14 | Build | House |
| 7:35 | Create | Villager (Male) |
| 7:55 | Create | Villager (Male) |
| 8:13 | Create | Villager (Male) |
| 8:18 | Build | Farm |
| 8:22 | Research | Horse Collar |
| 8:27 | Build | Farm |
| 8:30 | Build | Farm |
| 8:33 | Build | Farm |
| 8:37 | Create | Villager (Male) |
| 9:21 | Research | Feudal Age |
| 10:54 | Build | Lumber Camp |
| 11:18 | Create | Villager (Male) |
| 11:18 | Create | Villager (Male) |
| 11:31 | Age | Feudal Age |
| 11:35 | Build | Market |
| 11:41 | Build | Blacksmith |
| 12:20 | Research | Castle Age |
| 12:27 | Build | Farm |
| 12:34 | Build | Farm |
| 12:40 | Build | Farm |
| 12:45 | Build | Farm |
| 12:53 | Research | Heavy Plow |
| 13:10 | Research | Bow Saw |
| 13:56 | Build | House |
| 15:01 | Age | Castle Age |
| 15:04 | Build | Town Center |
| 15:09 | Build | Town Center |
| 15:18 | Create | Villager (Male) |
| 15:19 | Create | Villager (Male) |
| 15:38 | Create | Villager (Male) |
| 15:56 | Build | Monastery |
| 16:22 | Create | Villager (Male) |
| 16:29 | Build | House |
| 16:32 | Create | Villager (Male) |
| 16:39 | Create | Villager (Male) |
| 16:44 | Create | Villager (Male) |
| 16:58 | Create | Monk |
| 17:00 | Create | Villager (Male) |
| 17:01 | Create | Villager (Male) |
| 17:07 | Create | Villager (Male) |
| 17:10 | Create | Monk |
| 17:22 | Create | Villager (Male) |
| 17:26 | Create | Villager (Male) |
| 17:36 | Build | Farm |
| 17:36 | Build | Farm |
| 17:37 | Build | Farm |
| 17:37 | Build | Farm |
| 17:43 | Create | Villager (Male) |
| 17:47 | Create | Villager (Male) |
| 18:00 | Create | Villager (Male) |
| 18:04 | Create | Villager (Male) |
| 18:05 | Create | Villager (Male) |
| 18:20 | Build | Town Center |
| 18:22 | Create | Villager (Male) |
| 18:28 | Create | Villager (Male) |
| 18:32 | Create | Villager (Male) |
| 18:38 | Build | Barracks |
| 18:43 | Create | Villager (Male) |
| 18:47 | Build | House |
| 19:05 | Research | Wheelbarrow |
| 19:09 | Build | Farm |
| 19:09 | Build | Farm |
| 19:09 | Build | Farm |
| 19:10 | Build | Farm |
| 19:10 | Build | Farm |
| 19:10 | Build | Farm |
| 19:21 | Create | Villager (Male) |
| 19:29 | Build | House |
| 19:31 | Build | House |
| 19:33 | Build | House |
| 19:34 | Build | House |
| 19:36 | Create | Villager (Male) |
| 19:38 | Create | Militia |
| 19:39 | Create | Militia |
| 19:43 | Create | Flemish Militia |
| 19:43 | Create | Flemish Militia |
| 19:45 | Create | Villager (Male) |
| 19:55 | Create | Villager (Male) |
| 20:00 | Build | Farm |
| 20:01 | Build | Farm |
| 20:01 | Build | Farm |
| 20:01 | Build | Farm |
| 20:01 | Build | Farm |
| 20:02 | Build | Farm |
| 20:05 | Create | Villager (Male) |
| 20:16 | Create | Flemish Militia |
| 20:21 | Create | Monk |
| 21:01 | Create | Monk |
| 21:16 | Create | Villager (Male) |
| 21:27 | Create | Villager (Male) |
| 21:37 | Create | Militia |
| 21:37 | Create | Militia |
| 21:40 | Create | Flemish Militia |
| 21:41 | Create | Flemish Militia |
| 21:55 | Create | Villager (Male) |
| 21:55 | Create | Villager (Male) |
| 21:56 | Create | Villager (Male) |
| 21:56 | Create | Villager (Male) |
| 21:56 | Create | Villager (Male) |
| 22:31 | Build | Castle |
| 22:34 | Create | Villager (Male) |
| 22:34 | Create | Villager (Male) |
| 22:46 | Create | Villager (Male) |
| 23:13 | Create | Villager (Male) |
| 23:13 | Create | Villager (Male) |
| 23:42 | Create | Villager (Male) |
| 23:52 | Create | Villager (Male) |
| 24:11 | Research | Loom |
| 24:21 | Build | Farm |
| 24:27 | Build | Gate |
| 24:28 | Create | Villager (Male) |
| 24:28 | Create | Villager (Male) |
| 24:33 | Create | Villager (Male) |
| 24:54 | Create | Coustillier |
| 24:56 | Create | Villager (Male) |
| 25:01 | Build | Farm |
| 25:08 | Create | Villager (Male) |
| 25:08 | Create | Villager (Male) |
| 25:22 | Build | Farm |
| 25:22 | Build | Farm |
| 25:23 | Build | Farm |
| 25:28 | Create | Villager (Male) |
| 25:29 | Create | Monk |
| 25:38 | Create | Villager (Male) |
Build order — Caballo Loco
First 150 of 519 actions detected
| 0:05 | Build | House |
| 0:06 | Build | House |
| 0:07 | Create | Villager (Male) |
| 0:07 | Create | Villager (Male) |
| 0:08 | Create | Villager (Male) |
| 0:08 | Create | Villager (Male) |
| 1:36 | Create | Villager (Male) |
| 1:59 | Create | Villager (Male) |
| 2:29 | Create | Villager (Male) |
| 2:58 | Create | Villager (Male) |
| 3:14 | Build | House |
| 3:16 | Build | House |
| 3:22 | Build | Lumber Camp |
| 3:25 | Create | Villager (Male) |
| 3:25 | Create | Villager (Male) |
| 3:41 | Create | Villager (Male) |
| 3:42 | Create | Villager (Male) |
| 4:04 | Create | Villager (Male) |
| 4:31 | Create | Villager (Male) |
| 5:07 | Create | Villager (Male) |
| 5:07 | Create | Villager (Male) |
| 5:29 | Create | Villager (Male) |
| 5:52 | Create | Villager (Male) |
| 5:52 | Create | Villager (Male) |
| 6:44 | Create | Villager (Male) |
| 6:53 | Build | Mill |
| 7:25 | Create | Villager (Male) |
| 7:57 | Research | Feudal Age |
| 9:10 | Build | Mining Camp |
| 9:41 | Create | Villager (Male) |
| 10:12 | Age | Feudal Age |
| 10:20 | Build | House |
| 10:23 | Create | Villager (Male) |
| 10:44 | Build | House |
| 10:59 | Create | Villager (Male) |
| 11:00 | Create | Villager (Male) |
| 11:04 | Build | House |
| 11:08 | Research | Double-Bit Axe |
| 11:09 | Research | Gold Mining |
| 11:17 | Build | Blacksmith |
| 11:32 | Build | Farm |
| 11:34 | Build | Farm |
| 11:36 | Build | Farm |
| 11:44 | Build | Market |
| 11:46 | Create | Villager (Male) |
| 11:59 | Build | Farm |
| 12:14 | Build | Farm |
| 12:15 | Create | Villager (Male) |
| 12:20 | Research | Wheelbarrow |
| 12:21 | Research | Loom |
| 12:26 | Build | Farm |
| 12:31 | Build | Farm |
| 12:51 | Build | Farm |
| 13:06 | Build | House |
| 13:09 | Build | House |
| 13:19 | Build | Barracks |
| 14:03 | Create | Villager (Male) |
| 14:54 | Research | Castle Age |
| 15:37 | Build | Mining Camp |
| 15:58 | Research | Horse Collar |
| 16:13 | Research | Stone Mining |
| 16:45 | Create | Villager (Male) |
| 16:45 | Create | Villager (Male) |
| 17:34 | Age | Castle Age |
| 17:37 | Build | Monastery |
| 18:03 | Build | Stable |
| 18:09 | Create | Monk |
| 18:14 | Research | Fervor |
| 18:22 | Create | Villager (Male) |
| 18:26 | Create | Monk |
| 18:38 | Create | Villager (Male) |
| 18:40 | Create | Villager (Male) |
| 18:44 | Research | Fervor |
| 18:55 | Create | Knight |
| 18:55 | Create | Knight |
| 19:00 | Research | Forging |
| 19:05 | Research | Bow Saw |
| 19:05 | Create | Villager (Male) |
| 19:29 | Build | Lumber Camp |
| 19:34 | Create | Villager (Male) |
| 19:44 | Create | Knight |
| 19:53 | Create | Villager (Male) |
| 20:09 | Create | Villager (Male) |
| 20:14 | Create | Knight |
| 20:28 | Create | Villager (Male) |
| 20:41 | Build | Town Center |
| 20:47 | Create | Villager (Male) |
| 20:51 | Create | Knight |
| 21:09 | Create | Villager (Male) |
| 21:09 | Create | Villager (Male) |
| 21:26 | Create | Knight |
| 21:28 | Create | Knight |
| 21:34 | Build | House |
| 21:36 | Build | House |
| 21:37 | Build | House |
| 21:38 | Build | House |
| 21:40 | Build | House |
| 21:55 | Create | Villager (Male) |
| 22:10 | Create | Knight |
| 22:12 | Create | Villager (Male) |
| 22:17 | Build | Lumber Camp |
| 22:31 | Create | Villager (Male) |
| 22:31 | Create | Villager (Male) |
| 22:34 | Build | Lumber Camp |
| 23:19 | Create | Villager (Male) |
| 23:19 | Create | Villager (Male) |
| 23:19 | Create | Villager (Male) |
| 23:28 | Build | Farm |
| 23:29 | Build | Farm |
| 23:30 | Build | Farm |
| 23:31 | Build | Farm |
| 23:31 | Build | Farm |
| 23:32 | Build | Farm |
| 23:34 | Create | Villager (Male) |
| 23:34 | Create | Villager (Male) |
| 24:03 | Create | Knight |
| 24:04 | Create | Knight |
| 24:18 | Build | Farm |
| 24:18 | Build | Farm |
| 24:28 | Build | Farm |
| 24:34 | Build | Farm |
| 25:07 | Create | Knight |
| 25:07 | Create | Knight |
| 25:09 | Create | Villager (Male) |
| 25:10 | Create | Villager (Male) |
| 25:10 | Create | Villager (Male) |
| 25:18 | Build | Farm |
| 25:18 | Build | Farm |
| 25:19 | Build | Farm |
| 25:20 | Build | Farm |
| 25:20 | Build | Farm |
| 25:21 | Build | Farm |
| 25:23 | Build | Farm |
| 25:24 | Build | Farm |
| 25:28 | Build | Farm |
| 25:30 | Build | Farm |
| 25:31 | Create | Villager (Male) |
| 25:31 | Create | Villager (Male) |
| 26:03 | Create | Villager (Male) |
| 26:03 | Create | Villager (Male) |
| 26:03 | Create | Villager (Male) |
| 26:03 | Create | Villager (Male) |
| 26:07 | Create | Monk |
| 26:21 | Build | Mill |
| 26:24 | Build | Farm |
| 26:24 | Build | Farm |
| 26:25 | Build | Farm |
| 26:31 | Build | Farm |
| 26:32 | Build | Farm |
| 26:58 | Create | Villager (Male) |
Build order — Cabo
120 actions detected in the replay
| 0:02 | Build | House |
| 0:03 | Build | House |
| 0:04 | Build | House |
| 0:05 | Create | Villager (Male) ×4 |
| 0:05 | Create | Villager (Male) ×4 |
| 1:50 | Create | Villager (Male) ×2 |
| 1:50 | Create | Villager (Male) ×2 |
| 2:05 | Build | Lumber Camp |
| 2:25 | Create | Villager (Male) |
| 2:26 | Create | Villager (Male) |
| 2:44 | Create | Villager (Male) |
| 2:45 | Create | Villager (Male) |
| 3:08 | Create | Villager (Male) |
| 3:08 | Create | Villager (Male) |
| 3:34 | Create | Villager (Male) |
| 3:34 | Create | Villager (Male) |
| 3:41 | Build | House |
| 3:46 | Create | Villager (Male) |
| 3:46 | Create | Villager (Male) |
| 4:15 | Create | Villager (Male) |
| 4:15 | Create | Villager (Male) |
| 4:24 | Build | Mill |
| 4:36 | Create | Villager (Male) |
| 4:36 | Create | Villager (Male) |
| 5:08 | Create | Villager (Male) |
| 5:19 | Build | Mill |
| 6:14 | Create | Villager (Male) |
| 6:14 | Create | Villager (Male) |
| 6:14 | Create | Villager (Male) |
| 6:14 | Create | Villager (Male) |
| 7:04 | Research | Loom |
| 8:09 | Research | Feudal Age |
| 10:19 | Age | Feudal Age |
| 10:21 | Build | Market |
| 10:24 | Build | Blacksmith |
| 10:37 | Build | Mining Camp |
| 10:54 | Build | Mining Camp |
| 11:11 | Research | Castle Age |
| 13:40 | Build | House |
| 13:44 | Create | Villager (Male) ×4 |
| 13:51 | Age | Castle Age |
| 14:04 | Build | Siege Workshop |
| 14:15 | Build | Castle |
| 14:39 | Build | House |
| 14:39 | Build | House |
| 14:55 | Build | Mining Camp |
| 15:50 | Build | Mill |
| 16:12 | Create | Battering Ram |
| 16:19 | Create | Samurai ×2 |
| 16:44 | Create | Samurai |
| 16:44 | Create | Samurai |
| 16:51 | Create | Samurai |
| 16:51 | Create | Samurai |
| 16:51 | Create | Samurai |
| 17:08 | Create | Samurai |
| 17:08 | Create | Samurai |
| 17:17 | Create | Samurai |
| 17:17 | Create | Samurai |
| 17:20 | Create | Samurai |
| 17:21 | Create | Samurai |
| 17:56 | Create | Battering Ram |
| 19:02 | Create | Samurai ×5 |
| 19:03 | Create | Samurai ×5 |
| 19:03 | Create | Samurai |
| 20:33 | Create | Samurai ×2 |
| 21:47 | Create | Samurai |
| 23:30 | Create | Samurai ×2 |
| 24:04 | Build | Siege Workshop |
| 24:05 | Create | Battering Ram |
| 24:06 | Create | Battering Ram |
| 24:06 | Create | Battering Ram |
| 25:59 | Create | Battering Ram |
| 26:00 | Create | Battering Ram |
| 26:26 | Create | Battering Ram |
| 26:26 | Create | Battering Ram |
| 26:26 | Create | Battering Ram |
| 26:34 | Create | Battering Ram |
| 26:35 | Create | Battering Ram |
| 27:14 | Build | Mill |
| 27:31 | Create | Samurai ×5 |
| 27:31 | Create | Samurai ×5 |
| 28:10 | Create | Samurai |
| 28:10 | Create | Samurai |
| 29:05 | Create | Samurai |
| 29:05 | Create | Samurai |
| 30:20 | Create | Samurai ×5 |
| 30:20 | Create | Samurai |
| 30:21 | Create | Samurai |
| 30:24 | Build | Monastery |
| 30:27 | Build | Monastery |
| 30:55 | Create | Samurai |
| 30:56 | Create | Samurai |
| 31:05 | Build | Mill |
| 31:18 | Create | Samurai ×2 |
| 31:29 | Create | Monk |
| 31:29 | Create | Monk |
| 31:29 | Create | Monk |
| 31:30 | Create | Monk |
| 31:30 | Create | Monk |
| 31:30 | Create | Monk |
| 32:04 | Create | Monk |
| 32:04 | Create | Monk |
| 32:13 | Research | Scale Mail Armor |
| 32:50 | Create | Samurai ×2 |
| 33:01 | Build | House |
| 33:01 | Build | House |
| 33:02 | Build | House |
| 33:03 | Build | House |
| 33:04 | Build | House |
| 33:04 | Build | House |
| 33:05 | Build | House |
| 33:42 | Create | Samurai ×3 |
| 34:42 | Create | Samurai ×5 |
| 35:04 | Build | Mining Camp |
| 36:22 | Create | Samurai ×2 |
| 38:12 | Create | Samurai ×5 |
| 38:13 | Create | Samurai |
| 38:58 | Research | Forging |
| 39:58 | Build | Stone Wall |
| 40:11 | Build | Stone Wall |
Build order — heibanbaomc2003
First 150 of 152 actions detected
| 0:03 | Build | House |
| 0:05 | Build | House |
| 0:06 | Create | Villager (Male) ×4 |
| 1:44 | Create | Villager (Male) |
| 1:54 | Build | Lumber Camp |
| 2:17 | Create | Villager (Male) |
| 2:41 | Create | Villager (Male) |
| 2:41 | Create | Villager (Male) |
| 3:10 | Create | Villager (Male) |
| 3:10 | Create | Villager (Male) |
| 3:57 | Create | Villager (Male) |
| 3:57 | Create | Villager (Male) |
| 3:57 | Create | Villager (Male) |
| 4:04 | Build | House |
| 4:28 | Build | Mill |
| 4:49 | Create | Villager (Male) |
| 4:49 | Create | Villager (Male) |
| 5:09 | Create | Villager (Male) |
| 5:22 | Create | Villager (Male) |
| 5:49 | Create | Villager (Male) |
| 6:07 | Build | House |
| 6:45 | Create | Villager (Male) |
| 6:47 | Create | Villager (Male) |
| 7:11 | Create | Villager (Male) |
| 7:49 | Create | Villager (Male) |
| 8:16 | Research | Feudal Age |
| 8:49 | Build | Mining Camp |
| 9:34 | Build | House |
| 10:04 | Create | Villager (Male) |
| 10:04 | Create | Villager (Male) |
| 10:42 | Age | Feudal Age |
| 10:51 | Build | Market |
| 10:54 | Build | Blacksmith |
| 11:39 | Create | Villager (Male) |
| 12:02 | Build | House |
| 12:03 | Build | House |
| 12:04 | Build | House |
| 12:14 | Build | Barracks |
| 12:19 | Research | Castle Age |
| 13:41 | Build | Mining Camp |
| 14:13 | Create | Spearman |
| 14:14 | Create | Spearman |
| 14:36 | Build | Stone Wall |
| 14:55 | Build | Stone Wall |
| 14:59 | Age | Castle Age |
| 15:03 | Build | Siege Workshop |
| 15:12 | Build | Mining Camp |
| 15:14 | Create | Villager (Male) |
| 15:14 | Create | Villager (Male) |
| 15:17 | Research | Wheelbarrow |
| 15:39 | Create | Mangonel |
| 16:01 | Create | Villager (Male) |
| 16:02 | Create | Villager (Male) |
| 16:14 | Build | Farm |
| 16:18 | Build | Farm |
| 17:07 | Build | Stone Wall |
| 17:16 | Create | Mangonel |
| 17:19 | Create | Villager (Male) |
| 17:19 | Create | Villager (Male) |
| 17:26 | Build | Mining Camp |
| 17:35 | Build | Lumber Camp |
| 18:56 | Create | Villager (Male) |
| 18:56 | Create | Villager (Male) |
| 19:02 | Build | Farm |
| 19:03 | Build | Farm |
| 19:17 | Build | Farm |
| 19:19 | Build | Farm |
| 19:38 | Create | Mangonel |
| 19:53 | Build | Stone Wall |
| 20:44 | Build | Stone Wall |
| 20:47 | Create | Mangonel |
| 21:49 | Build | House |
| 22:02 | Build | Town Center |
| 22:08 | Build | House |
| 22:38 | Create | Mangonel |
| 22:57 | Build | Castle |
| 24:03 | Create | Hussite Wagon |
| 24:26 | Research | Fletching |
| 24:54 | Create | Hussite Wagon |
| 25:20 | Create | Petard |
| 25:20 | Create | Petard |
| 25:21 | Create | Petard |
| 25:21 | Create | Petard |
| 25:36 | Create | Villager (Male) |
| 25:36 | Create | Villager (Male) |
| 26:06 | Build | Siege Workshop |
| 26:12 | Build | Stone Wall |
| 27:16 | Build | Farm |
| 27:42 | Create | Villager (Male) |
| 27:42 | Create | Villager (Male) |
| 27:50 | Build | Farm |
| 27:50 | Build | Farm |
| 27:50 | Build | Farm |
| 27:51 | Build | Farm |
| 28:16 | Build | Farm |
| 30:33 | Build | Lumber Camp |
| 32:04 | Build | Lumber Camp |
| 32:23 | Build | House |
| 32:24 | Build | House |
| 33:29 | Build | House |
| 33:29 | Build | House |
| 34:36 | Build | House |
| 34:37 | Build | House |
| 35:32 | Build | Town Center |
| 36:53 | Create | Villager (Male) |
| 36:53 | Create | Villager (Male) |
| 36:53 | Create | Villager (Male) |
| 36:53 | Create | Villager (Male) |
| 36:54 | Create | Villager (Male) |
| 36:54 | Create | Villager (Male) |
| 36:54 | Create | Villager (Male) |
| 37:50 | Build | Farm |
| 38:19 | Build | Farm |
| 39:02 | Build | Farm |
| 39:05 | Create | Villager (Male) |
| 39:46 | Build | Farm |
| 40:00 | Build | Farm |
| 40:30 | Create | Villager (Male) |
| 40:30 | Create | Villager (Male) |
| 40:48 | Create | Villager (Male) |
| 40:48 | Create | Villager (Male) |
| 42:14 | Create | Villager (Male) |
| 42:15 | Create | Villager (Male) |
| 42:15 | Create | Villager (Male) |
| 42:32 | Build | Town Center |
| 42:41 | Create | Villager (Male) |
| 42:41 | Create | Villager (Male) |
| 43:56 | Build | Farm |
| 44:48 | Create | Villager (Male) |
| 44:48 | Create | Villager (Male) |
| 45:09 | Create | Villager (Male) |
| 45:09 | Create | Villager (Male) |
| 45:09 | Create | Villager (Male) |
| 45:09 | Create | Villager (Male) |
| 45:10 | Create | Villager (Male) |
| 45:11 | Create | Villager (Male) |
| 46:13 | Create | Villager (Male) |
| 46:14 | Create | Villager (Male) |
| 46:15 | Create | Villager (Male) |
| 46:33 | Build | Farm |
| 46:33 | Build | Farm |
| 46:34 | Build | Farm |
| 46:34 | Build | Farm |
| 46:38 | Build | Mill |
| 47:38 | Build | House |
| 47:39 | Build | House |
| 47:40 | Build | House |
| 47:41 | Build | House |
| 47:42 | Build | House |
| 47:55 | Build | Farm |
Build order — Ballin' Like Bill, End @McDank's
First 150 of 218 actions detected
| 0:01 | Create | Villager (Male) ×4 |
| 0:04 | Build | House |
| 0:05 | Build | House |
| 0:06 | Build | House |
| 1:34 | Create | Villager (Male) |
| 1:49 | Build | Mill |
| 1:54 | Create | Villager (Male) |
| 2:27 | Create | Villager (Male) |
| 2:28 | Create | Villager (Male) |
| 2:48 | Create | Villager (Male) |
| 3:13 | Create | Villager (Male) |
| 3:39 | Create | Villager (Male) |
| 4:13 | Create | Villager (Male) |
| 4:27 | Create | Villager (Male) |
| 4:46 | Build | Lumber Camp |
| 4:56 | Research | Loom |
| 5:03 | Create | Villager (Male) |
| 5:04 | Create | Villager (Male) |
| 5:15 | Create | Villager (Male) |
| 5:16 | Create | Villager (Male) |
| 5:16 | Create | Villager (Male) |
| 5:16 | Create | Villager (Male) |
| 5:16 | Create | Villager (Male) |
| 6:10 | Build | House |
| 6:51 | Build | House |
| 7:04 | Create | Villager (Male) |
| 7:07 | Create | Villager (Male) |
| 7:53 | Create | Villager (Male) |
| 7:54 | Create | Villager (Male) |
| 7:54 | Create | Villager (Male) |
| 8:28 | Build | Barracks |
| 8:33 | Build | House |
| 8:35 | Build | House |
| 9:06 | Build | Mining Camp |
| 9:29 | Research | Feudal Age |
| 9:37 | Build | House |
| 9:41 | Build | House |
| 9:41 | Build | House |
| 9:52 | Build | House |
| 10:08 | Create | Villager (Male) |
| 10:08 | Create | Villager (Male) |
| 10:11 | Create | Villager (Male) |
| 11:55 | Age | Feudal Age |
| 12:17 | Build | Blacksmith |
| 12:28 | Build | Market |
| 12:33 | Research | Double-Bit Axe |
| 12:39 | Build | Gate |
| 12:44 | Build | Stone Wall |
| 12:58 | Research | Horse Collar |
| 13:21 | Create | Villager (Male) |
| 13:21 | Create | Villager (Male) |
| 14:13 | Create | Villager (Male) |
| 14:14 | Create | Villager (Male) |
| 14:14 | Create | Villager (Male) |
| 14:20 | Build | Outpost |
| 14:21 | Build | Outpost |
| 14:23 | Build | Outpost |
| 14:26 | Build | Outpost |
| 14:30 | Build | Outpost |
| 14:35 | Build | Outpost |
| 14:37 | Build | Outpost |
| 14:42 | Research | Loom |
| 14:52 | Build | Farm |
| 14:52 | Build | Farm |
| 14:53 | Build | Farm |
| 14:53 | Build | Farm |
| 14:53 | Build | Farm |
| 14:53 | Build | Farm |
| 14:54 | Build | Farm |
| 15:10 | Build | Farm |
| 15:10 | Build | Farm |
| 15:19 | Build | Farm |
| 15:33 | Build | Farm |
| 16:20 | Research | Castle Age |
| 17:02 | Build | Outpost |
| 17:05 | Build | Outpost |
| 17:33 | Build | Outpost |
| 17:35 | Build | Outpost |
| 17:37 | Build | Outpost |
| 17:47 | Research | Arson |
| 19:00 | Age | Castle Age |
| 19:11 | Research | Squires |
| 19:12 | Research | Bow Saw |
| 19:14 | Build | Town Center |
| 19:31 | Build | Siege Workshop |
| 19:54 | Build | Castle |
| 20:03 | Create | Villager (Male) ×5 |
| 20:13 | Research | Fletching |
| 20:23 | Build | House |
| 20:37 | Build | Outpost |
| 20:47 | Build | Outpost |
| 20:50 | Create | Villager (Male) ×2 |
| 20:58 | Create | Villager (Male) |
| 21:18 | Build | Mining Camp |
| 21:27 | Create | Shotel Warrior ×5 |
| 21:30 | Create | Mangonel |
| 21:40 | Research | Town Watch |
| 21:57 | Build | Mining Camp |
| 22:08 | Create | Villager (Male) ×2 |
| 22:28 | Create | Villager (Male) |
| 23:21 | Create | Villager (Male) ×3 |
| 23:48 | Create | Villager (Male) |
| 23:57 | Build | Outpost |
| 24:07 | Create | Villager (Male) |
| 24:24 | Create | Villager (Male) |
| 24:27 | Create | Battering Ram |
| 24:27 | Create | Battering Ram |
| 24:27 | Create | Battering Ram |
| 24:28 | Create | Battering Ram |
| 24:28 | Create | Battering Ram |
| 24:42 | Create | Villager (Male) |
| 25:22 | Create | Villager (Male) ×2 |
| 25:38 | Build | Mining Camp |
| 25:52 | Create | Battering Ram |
| 25:53 | Create | Battering Ram |
| 25:53 | Create | Battering Ram |
| 25:59 | Create | Shotel Warrior ×5 |
| 25:59 | Create | Shotel Warrior ×5 |
| 26:30 | Research | Gold Mining |
| 26:43 | Create | Villager (Male) |
| 27:18 | Create | Shotel Warrior |
| 27:22 | Create | Shotel Warrior ×3 |
| 27:49 | Create | Shotel Warrior |
| 29:33 | Create | Shotel Warrior ×5 |
| 29:53 | Create | Villager (Male) ×2 |
| 29:53 | Create | Villager (Male) ×2 |
| 30:03 | Build | Farm |
| 30:04 | Build | Farm |
| 30:04 | Build | Farm |
| 30:04 | Build | Farm |
| 30:04 | Build | Farm |
| 30:05 | Build | Farm |
| 30:05 | Build | Farm |
| 30:05 | Build | Farm |
| 30:12 | Research | Heavy Plow |
| 31:25 | Create | Villager (Male) ×4 |
| 31:41 | Create | Villager (Male) |
| 32:00 | Build | Siege Workshop |
| 32:02 | Build | Siege Workshop |
| 32:03 | Build | Siege Workshop |
| 32:04 | Build | Siege Workshop |
| 32:05 | Build | Siege Workshop |
| 32:07 | Build | Siege Workshop |
| 32:08 | Build | Siege Workshop |
| 32:11 | Build | Siege Workshop |
| 32:17 | Create | Villager (Male) ×3 |
| 32:40 | Create | Villager (Male) ×2 |
| 33:41 | Build | Castle |
| 33:47 | Build | Siege Workshop |
| 33:54 | Build | Siege Workshop |
Build order — younger
First 150 of 402 actions detected
| 0:04 | Build | House |
| 0:09 | Create | Villager (Male) |
| 0:10 | Create | Villager (Male) |
| 0:10 | Create | Villager (Male) |
| 0:10 | Create | Villager (Male) |
| 0:10 | Create | Villager (Male) |
| 0:27 | Build | House |
| 0:48 | Build | House |
| 0:57 | Build | House |
| 1:01 | Build | House |
| 1:48 | Build | House |
| 1:55 | Create | Villager (Male) |
| 2:14 | Create | Villager (Male) |
| 2:49 | Create | Villager (Male) |
| 3:23 | Create | Villager (Male) |
| 3:23 | Create | Villager (Male) |
| 3:54 | Create | Villager (Male) |
| 3:54 | Create | Villager (Male) |
| 4:22 | Build | Mill |
| 4:57 | Create | Villager (Male) |
| 5:02 | Create | Villager (Male) |
| 5:02 | Create | Villager (Male) |
| 5:03 | Create | Villager (Male) |
| 5:39 | Build | Lumber Camp |
| 5:46 | Create | Villager (Male) |
| 5:46 | Create | Villager (Male) |
| 6:24 | Create | Villager (Male) |
| 6:25 | Create | Villager (Male) |
| 6:25 | Create | Villager (Male) |
| 6:25 | Create | Villager (Male) |
| 7:05 | Build | House |
| 7:10 | Build | House |
| 7:11 | Build | House |
| 8:31 | Research | Feudal Age |
| 9:00 | Build | Mill |
| 9:22 | Create | Villager (Male) |
| 9:23 | Create | Villager (Male) |
| 10:33 | Build | Farm |
| 10:36 | Age | Feudal Age |
| 10:50 | Create | Villager (Male) |
| 10:50 | Create | Villager (Male) |
| 10:58 | Build | Farm |
| 11:02 | Build | Farm |
| 11:19 | Build | Barracks |
| 11:53 | Build | Blacksmith |
| 11:57 | Create | Villager (Male) |
| 11:57 | Create | Villager (Male) |
| 12:35 | Build | Stable |
| 12:37 | Create | Villager (Male) |
| 12:38 | Create | Villager (Male) |
| 13:10 | Build | House |
| 13:17 | Create | Villager (Male) |
| 13:25 | Build | Farm |
| 13:32 | Research | Castle Age |
| 13:35 | Research | Horse Collar |
| 13:43 | Build | Farm |
| 13:44 | Build | Farm |
| 13:46 | Build | Farm |
| 13:53 | Create | Villager (Male) |
| 14:06 | Build | Farm |
| 14:11 | Research | Double-Bit Axe |
| 14:15 | Build | Farm |
| 14:37 | Build | Farm |
| 14:42 | Build | Farm |
| 14:48 | Build | Farm |
| 14:58 | Create | Villager (Male) |
| 15:31 | Build | House |
| 15:34 | Build | House |
| 16:05 | Age | Castle Age |
| 16:10 | Build | Town Center |
| 16:15 | Create | Villager (Male) |
| 16:15 | Create | Villager (Male) |
| 16:27 | Build | House |
| 16:28 | Build | House |
| 16:52 | Create | Villager (Male) |
| 17:08 | Create | Villager (Male) |
| 17:08 | Create | Villager (Male) |
| 17:08 | Create | Villager (Male) |
| 17:28 | Create | Villager (Male) |
| 17:28 | Create | Villager (Male) |
| 17:40 | Build | Town Center |
| 17:43 | Create | Villager (Male) |
| 17:44 | Create | Villager (Male) |
| 17:54 | Build | House |
| 17:55 | Build | House |
| 18:06 | Build | Farm |
| 18:08 | Build | Farm |
| 18:19 | Create | Villager (Male) |
| 18:19 | Create | Villager (Male) |
| 18:19 | Create | Villager (Male) |
| 18:27 | Create | Knight |
| 18:27 | Create | Knight |
| 18:32 | Create | Villager (Male) |
| 18:32 | Create | Villager (Male) |
| 18:32 | Create | Villager (Male) |
| 18:38 | Build | Farm |
| 18:38 | Build | Farm |
| 18:39 | Build | Farm |
| 18:42 | Build | Farm |
| 18:50 | Create | Villager (Male) |
| 18:55 | Build | House |
| 19:01 | Build | Farm |
| 19:02 | Build | Farm |
| 19:04 | Create | Villager (Male) |
| 19:04 | Create | Villager (Male) |
| 19:04 | Create | Villager (Male) |
| 19:05 | Create | Villager (Male) |
| 19:11 | Build | Farm |
| 19:11 | Build | Farm |
| 19:16 | Create | Villager (Male) |
| 19:16 | Create | Villager (Male) |
| 19:33 | Build | House |
| 19:39 | Research | Bow Saw |
| 19:54 | Build | Lumber Camp |
| 19:55 | Create | Villager (Male) |
| 19:56 | Create | Villager (Male) |
| 20:01 | Build | Farm |
| 20:02 | Build | Farm |
| 20:05 | Create | Villager (Male) |
| 20:17 | Research | Heavy Plow |
| 20:25 | Build | House |
| 20:27 | Create | Villager (Male) |
| 20:27 | Create | Villager (Male) |
| 20:30 | Build | Farm |
| 20:41 | Build | Farm |
| 20:42 | Build | Farm |
| 20:42 | Build | Farm |
| 20:47 | Create | Villager (Male) |
| 20:47 | Create | Villager (Male) |
| 20:47 | Create | Villager (Male) |
| 20:51 | Build | Farm |
| 20:53 | Build | Farm |
| 20:55 | Create | Villager (Male) |
| 21:15 | Build | Farm |
| 21:17 | Create | Villager (Male) |
| 21:17 | Create | Villager (Male) |
| 21:17 | Create | Villager (Male) |
| 21:22 | Build | Farm |
| 21:28 | Build | Monastery |
| 21:32 | Create | Villager (Male) |
| 21:32 | Create | Villager (Male) |
| 21:36 | Build | Farm |
| 21:36 | Build | Farm |
| 21:37 | Build | Farm |
| 21:38 | Build | Farm |
| 21:46 | Build | Farm |
| 21:47 | Build | Farm |
| 21:49 | Build | Farm |
| 21:50 | Create | Villager (Male) |
| 21:51 | Create | Villager (Male) |
Build order — хайп
First 150 of 365 actions detected
| 0:05 | Create | Villager (Male) |
| 0:05 | Create | Villager (Male) |
| 0:05 | Create | Villager (Male) |
| 0:06 | Create | Villager (Male) |
| 0:06 | Create | Villager (Male) |
| 0:24 | Build | House |
| 0:41 | Research | Loom |
| 0:52 | Create | Villager (Male) |
| 0:53 | Create | Villager (Male) |
| 0:53 | Create | Villager (Male) |
| 1:05 | Build | House |
| 1:06 | Build | House |
| 1:08 | Build | House |
| 1:10 | Build | House |
| 1:11 | Build | House |
| 1:13 | Build | House |
| 1:14 | Build | House |
| 1:28 | Create | Villager (Male) |
| 2:15 | Create | Villager (Male) |
| 2:48 | Create | Villager (Male) |
| 3:37 | Create | Villager (Male) |
| 3:37 | Create | Villager (Male) |
| 4:21 | Create | Villager (Male) |
| 4:21 | Create | Villager (Male) |
| 4:21 | Create | Villager (Male) |
| 4:51 | Create | Villager (Male) |
| 4:51 | Create | Villager (Male) |
| 6:04 | Build | Mill |
| 6:07 | Create | Villager (Male) |
| 6:08 | Create | Villager (Male) |
| 6:08 | Create | Villager (Male) |
| 6:08 | Create | Villager (Male) |
| 6:57 | Create | Villager (Male) ×4 |
| 7:31 | Create | Villager (Male) |
| 8:38 | Create | Villager (Male) |
| 8:39 | Create | Villager (Male) |
| 8:39 | Create | Villager (Male) |
| 8:39 | Create | Villager (Male) |
| 8:40 | Create | Villager (Male) |
| 8:40 | Create | Villager (Male) |
| 8:41 | Create | Villager (Male) |
| 8:41 | Create | Villager (Male) |
| 8:50 | Build | Lumber Camp |
| 9:33 | Build | Lumber Camp |
| 10:30 | Build | Mining Camp |
| 11:19 | Research | Feudal Age |
| 13:02 | Build | Mining Camp |
| 13:39 | Create | Villager (Male) ×5 |
| 13:43 | Age | Feudal Age |
| 13:44 | Research | Horse Collar |
| 13:45 | Research | Double-Bit Axe |
| 13:58 | Build | Blacksmith |
| 14:03 | Build | Barracks |
| 14:17 | Build | Farm |
| 14:18 | Build | Farm |
| 14:19 | Build | Farm |
| 14:19 | Build | Farm |
| 14:20 | Build | Farm |
| 14:21 | Build | Farm |
| 14:22 | Build | Farm |
| 14:23 | Build | Farm |
| 14:28 | Build | Farm |
| 14:29 | Build | Farm |
| 14:31 | Build | Farm |
| 14:33 | Build | Farm |
| 14:34 | Build | Farm |
| 15:17 | Build | Archery Range |
| 15:54 | Build | Stable |
| 16:16 | Research | Castle Age |
| 16:23 | Research | Stone Mining |
| 16:50 | Research | Gold Mining |
| 16:57 | Create | Skirmisher |
| 17:23 | Create | Skirmisher |
| 17:27 | Research | Fletching |
| 17:48 | Research | Padded Archer Armor |
| 17:51 | Create | Skirmisher |
| 18:11 | Create | Skirmisher |
| 18:11 | Create | Skirmisher |
| 18:37 | Research | Scale Mail Armor |
| 18:51 | Create | Villager (Male) |
| 18:51 | Create | Villager (Male) |
| 18:56 | Age | Castle Age |
| 19:00 | Build | Town Center |
| 19:03 | Build | Town Center |
| 19:09 | Create | Skirmisher |
| 19:35 | Create | Villager (Male) |
| 19:44 | Build | House |
| 19:45 | Build | House |
| 19:46 | Build | House |
| 19:47 | Build | House |
| 19:49 | Build | House |
| 20:02 | Create | Villager (Male) |
| 20:05 | Create | Skirmisher |
| 20:05 | Create | Skirmisher |
| 20:07 | Create | Villager (Male) ×3 |
| 20:15 | Build | House |
| 20:17 | Build | House |
| 20:25 | Create | Villager (Male) ×2 |
| 20:33 | Create | Skirmisher |
| 20:58 | Create | Villager (Male) |
| 20:58 | Create | Villager (Male) |
| 21:02 | Create | Villager (Male) |
| 21:08 | Build | Farm |
| 21:08 | Build | Farm |
| 21:14 | Build | Farm |
| 21:15 | Build | Farm |
| 21:22 | Build | House |
| 21:29 | Create | Skirmisher |
| 21:32 | Create | Villager (Male) ×2 |
| 21:42 | Create | Villager (Male) |
| 21:51 | Create | Skirmisher |
| 22:04 | Create | Villager (Male) |
| 22:05 | Create | Villager (Male) |
| 22:07 | Create | Villager (Male) |
| 22:10 | Build | Farm |
| 22:11 | Build | Farm |
| 22:13 | Create | Villager (Male) |
| 22:27 | Create | Villager (Male) |
| 22:31 | Create | Villager (Male) |
| 22:42 | Create | Skirmisher |
| 22:46 | Research | Elite Skirmisher (upgrade) |
| 22:51 | Create | Villager (Male) |
| 22:52 | Create | Villager (Male) |
| 23:00 | Create | Villager (Male) |
| 23:24 | Create | Villager (Male) ×3 |
| 23:38 | Build | Farm |
| 23:38 | Build | Farm |
| 23:45 | Create | Villager (Male) ×3 |
| 24:08 | Build | Castle |
| 24:21 | Research | Bodkin Arrow |
| 24:37 | Build | Mill |
| 24:39 | Build | Farm |
| 24:40 | Build | Farm |
| 24:41 | Build | Farm |
| 24:41 | Build | Farm |
| 24:42 | Build | Farm |
| 24:43 | Build | Farm |
| 24:50 | Build | Farm |
| 24:50 | Build | Farm |
| 24:56 | Create | Villager (Male) ×5 |
| 25:00 | Create | Villager (Male) |
| 25:30 | Build | House |
| 25:31 | Build | House |
| 25:33 | Build | House |
| 25:44 | Build | House |
| 25:45 | Build | House |
| 25:46 | Build | House |
| 25:48 | Research | Chain Mail Armor |
| 25:54 | Build | Mining Camp |
| 25:57 | Create | Organ Gun ×5 |
Build order — Kei Nagase
First 150 of 317 actions detected
| 0:05 | Build | House |
| 0:05 | Create | Villager (Male) ×4 |
| 0:07 | Build | House |
| 1:49 | Create | Villager (Male) |
| 2:12 | Create | Villager (Male) |
| 2:22 | Build | Lumber Camp |
| 2:39 | Create | Villager (Male) |
| 2:40 | Create | Villager (Male) |
| 3:11 | Create | Villager (Male) |
| 3:12 | Create | Villager (Male) |
| 3:37 | Build | House |
| 4:43 | Create | Villager (Male) |
| 4:43 | Create | Villager (Male) |
| 4:43 | Create | Villager (Male) |
| 4:44 | Create | Villager (Male) |
| 5:31 | Create | Villager (Male) |
| 5:31 | Create | Villager (Male) |
| 5:56 | Build | Mill |
| 6:41 | Create | Villager (Male) |
| 6:58 | Create | Villager (Male) |
| 7:03 | Build | House |
| 7:23 | Research | Loom |
| 7:42 | Research | Feudal Age |
| 9:37 | Create | Villager (Male) |
| 9:37 | Create | Villager (Male) |
| 10:24 | Age | Feudal Age |
| 10:31 | Build | Market |
| 10:36 | Build | Blacksmith |
| 10:54 | Create | Villager (Male) |
| 11:23 | Build | House |
| 11:35 | Research | Castle Age |
| 11:48 | Build | Mining Camp |
| 11:56 | Research | Double-Bit Axe |
| 12:08 | Research | Horse Collar |
| 13:50 | Create | Villager (Male) |
| 13:50 | Create | Villager (Male) |
| 14:19 | Age | Castle Age |
| 14:22 | Build | Siege Workshop |
| 14:25 | Build | House |
| 15:04 | Create | Villager (Male) |
| 15:21 | Build | Castle |
| 15:28 | Build | Barracks |
| 15:40 | Build | Gate |
| 15:44 | Create | Villager (Male) |
| 15:44 | Create | Villager (Male) |
| 16:04 | Create | Villager (Male) |
| 16:12 | Build | Farm |
| 16:13 | Build | Farm |
| 16:15 | Build | Farm |
| 16:16 | Build | Farm |
| 16:19 | Build | Farm |
| 16:20 | Build | Farm |
| 16:56 | Build | Lumber Camp |
| 16:57 | Create | Villager (Male) |
| 17:27 | Create | Villager (Male) |
| 17:46 | Create | Villager (Male) |
| 18:13 | Create | Villager (Male) |
| 18:22 | Build | Town Center |
| 18:43 | Create | Mangonel |
| 18:46 | Create | Villager (Male) |
| 18:47 | Create | Villager (Male) |
| 19:11 | Create | Villager (Male) |
| 19:26 | Build | Farm |
| 19:27 | Build | Farm |
| 19:32 | Build | Farm |
| 19:35 | Build | Farm |
| 19:37 | Create | Villager (Male) |
| 19:55 | Build | Farm |
| 19:56 | Build | Farm |
| 20:02 | Create | Villager (Male) |
| 20:03 | Create | Villager (Male) |
| 20:21 | Create | Villager (Male) |
| 20:45 | Create | Mangonel |
| 20:49 | Create | Villager (Male) |
| 20:50 | Create | Villager (Male) |
| 20:55 | Build | Mining Camp |
| 20:59 | Create | Villager (Male) |
| 21:07 | Build | Farm |
| 21:08 | Build | Farm |
| 21:10 | Create | Villager (Male) |
| 21:27 | Create | Villager (Male) |
| 21:37 | Create | Villager (Male) |
| 21:47 | Build | Town Center |
| 21:52 | Create | Villager (Male) |
| 22:07 | Create | Villager (Male) |
| 22:14 | Build | Farm |
| 22:16 | Build | Farm |
| 22:18 | Build | Farm |
| 22:24 | Build | Farm |
| 22:26 | Create | Villager (Male) |
| 22:26 | Create | Villager (Male) |
| 22:39 | Create | Villager (Male) |
| 22:51 | Build | Farm |
| 22:53 | Build | Farm |
| 22:55 | Create | Villager (Male) |
| 22:55 | Create | Villager (Male) |
| 23:06 | Create | Villager (Male) |
| 23:25 | Create | Villager (Male) |
| 23:25 | Create | Villager (Male) |
| 23:33 | Create | Villager (Male) |
| 23:42 | Build | Town Center |
| 23:50 | Create | Villager (Male) |
| 23:50 | Create | Villager (Male) |
| 23:56 | Build | Farm |
| 23:57 | Build | Farm |
| 23:58 | Build | Farm |
| 23:59 | Build | Farm |
| 24:02 | Create | Villager (Male) |
| 24:03 | Create | Villager (Male) |
| 24:08 | Create | Villager (Male) |
| 24:24 | Build | Farm |
| 24:25 | Build | Farm |
| 24:28 | Create | Villager (Male) |
| 24:28 | Create | Villager (Male) |
| 24:51 | Build | House |
| 24:55 | Build | House |
| 24:56 | Build | House |
| 24:57 | Build | House |
| 24:59 | Build | House |
| 25:00 | Build | House |
| 25:02 | Build | House |
| 25:03 | Build | House |
| 25:04 | Build | House |
| 25:05 | Build | House |
| 25:07 | Create | Villager (Male) |
| 25:08 | Research | Wheelbarrow |
| 25:22 | Create | Villager (Male) |
| 25:22 | Create | Villager (Male) |
| 25:34 | Create | Villager (Male) |
| 25:34 | Create | Villager (Male) |
| 25:42 | Build | Farm |
| 25:43 | Build | Farm |
| 25:45 | Build | Farm |
| 25:47 | Build | Farm |
| 25:47 | Build | Farm |
| 25:52 | Build | Farm |
| 25:54 | Create | Villager (Male) |
| 25:55 | Create | Villager (Male) |
| 26:16 | Create | Villager (Male) |
| 26:17 | Create | Villager (Male) |
| 26:17 | Create | Villager (Male) |
| 26:18 | Create | Villager (Male) |
| 26:21 | Build | Farm |
| 26:22 | Build | Farm |
| 26:23 | Build | Farm |
| 26:31 | Build | Farm |
| 26:32 | Build | Farm |
| 26:36 | Build | Farm |
| 26:43 | Create | Villager (Male) |
| 26:44 | Create | Villager (Male) |
Match timeline
| 0:27 | хайп · tribute_sent a jugador 1 |
| 0:27 | хайп · tribute_sent a jugador 2 |
| 0:27 | хайп · tribute_sent a jugador 3 |
| 0:27 | хайп · tribute_sent a jugador 4 |
| 0:27 | хайп · tribute_sent a jugador 5 |
| 0:27 | хайп · tribute_sent a jugador 6 |
| 0:27 | хайп · tribute_sent a jugador 8 |
| 8:28 | Ballin' Like Bill, End @McDank's · first_building Barracks |
| 10:12 | Caballo Loco · age_up feudal |
| 10:19 | Cabo · age_up feudal |
| 10:24 | Kei Nagase · age_up feudal |
| 10:36 | younger · age_up feudal |
| 10:42 | heibanbaomc2003 · age_up feudal |
| 11:19 | younger · first_building Barracks |
| 11:31 | 2384823078 · age_up feudal |
| 11:33 | Kei Nagase · first_market_sell 100 wood |
| 11:55 | Ballin' Like Bill, End @McDank's · age_up feudal |
| 12:14 | heibanbaomc2003 · first_building Barracks |
| 12:18 | 2384823078 · first_market_sell 100 wood |
| 12:35 | younger · first_building Stable |
| 12:44 | Ballin' Like Bill, End @McDank's · wall_segment Stone Wall x1 |
| 13:19 | Caballo Loco · first_building Barracks |
| 13:30 | Caballo Loco · first_market_buy 100 food |
| 13:43 | хайп · age_up feudal |
| 13:47 | Caballo Loco · first_market_sell 100 food |
| 13:51 | Cabo · age_up castle |
| 14:03 | хайп · first_building Barracks |
| 14:04 | Cabo · first_building Siege Workshop |
| 14:15 | Cabo · first_building Castle |
| 14:19 | Kei Nagase · age_up castle |
| 14:22 | Kei Nagase · first_building Siege Workshop |
| 14:36 | heibanbaomc2003 · wall_segment Stone Wall x7 |
| 14:55 | heibanbaomc2003 · wall_segment Stone Wall x5 |
| 14:59 | heibanbaomc2003 · age_up castle |
| 15:01 | 2384823078 · age_up castle |
| 15:03 | heibanbaomc2003 · first_building Siege Workshop |
| 15:17 | хайп · first_building Archery Range |
| 15:21 | Kei Nagase · first_building Castle |
| 15:28 | Kei Nagase · first_building Barracks |
| 15:31 | heibanbaomc2003 · first_market_sell 100 wood |
| 15:54 | хайп · first_building Stable |
| 15:56 | Ballin' Like Bill, End @McDank's · first_market_buy 100 food |
| 15:56 | 2384823078 · first_building Monastery |
| 16:05 | younger · age_up castle |
| 17:07 | heibanbaomc2003 · wall_segment Stone Wall x4 |
| 17:34 | Caballo Loco · age_up castle |
| 17:37 | Caballo Loco · first_building Monastery |
| 17:51 | Ballin' Like Bill, End @McDank's · first_market_sell 100 wood |
| 18:03 | Caballo Loco · first_building Stable |
| 18:11 | 2384823078 · first_market_buy 100 stone |
| 18:38 | 2384823078 · first_building Barracks |
| 18:56 | хайп · age_up castle |
| 19:00 | Ballin' Like Bill, End @McDank's · age_up castle |
| 19:31 | Ballin' Like Bill, End @McDank's · first_building Siege Workshop |
| 19:53 | heibanbaomc2003 · wall_segment Stone Wall x7 |
| 19:54 | Ballin' Like Bill, End @McDank's · first_building Castle |
| 20:44 | heibanbaomc2003 · wall_segment Stone Wall x1 |
| 21:28 | younger · first_building Monastery |
| 22:31 | 2384823078 · first_building Castle |
| 22:57 | heibanbaomc2003 · first_building Castle |
| 24:08 | хайп · first_building Castle |
| 26:12 | heibanbaomc2003 · wall_segment Stone Wall x3 |
| 26:23 | Cabo · first_market_buy 100 wood |
| 27:39 | Kei Nagase · first_market_buy 100 food |
| 27:53 | younger · first_market_sell 100 food |
| 29:31 | Caballo Loco · first_building Castle |
| 29:58 | Kei Nagase · first_building Archery Range |
| 30:24 | Cabo · first_building Monastery |
| 30:57 | Kei Nagase · age_up imperial |
| 32:47 | younger · age_up imperial |
| 33:58 | хайп · age_up imperial |
| 34:51 | Caballo Loco · age_up imperial |
| 36:02 | Kei Nagase · wall_segment Stone Wall x13 |
| 36:34 | Cabo · first_market_sell 100 wood |
| 38:00 | 2384823078 · age_up imperial |
| 38:17 | Caballo Loco · first_building Archery Range |
| 39:04 | younger · first_building Archery Range |
| 39:23 | Ballin' Like Bill, End @McDank's · age_up imperial |
| 39:58 | Cabo · wall_segment Stone Wall x6 |
| 40:11 | Cabo · wall_segment Stone Wall x6 |
| 40:39 | Cabo · resign |
| 40:43 | younger · tribute_sent a jugador 1 |
| 40:43 | younger · tribute_sent a jugador 2 |
| 40:43 | younger · tribute_sent a jugador 3 |
| 40:43 | younger · tribute_sent a jugador 4 |
| 40:43 | younger · tribute_sent a jugador 5 |
| 40:43 | younger · tribute_sent a jugador 7 |
| 40:43 | younger · tribute_sent a jugador 8 |
| 41:57 | Ballin' Like Bill, End @McDank's · wall_segment Stone Wall x17 |
| 42:02 | Ballin' Like Bill, End @McDank's · wall_segment Stone Wall x6 |
| 42:03 | Ballin' Like Bill, End @McDank's · wall_segment Stone Wall x9 |
| 42:06 | Ballin' Like Bill, End @McDank's · wall_segment Stone Wall x5 |
[ AI ANALYSIS · 1 CREDIT ]
What really happened in this match?
Wolo.gg analyzes every decision: build order, eco, micro, common mistakes by bracket. Personalized analysis on WhatsApp or Discord in 30 seconds.
Civ guide
Burgundians
Map guide
Arena
Perfil
2384823078